 Dungeon Crawl Stone Soup version 0.20.0-10-g0535bb4 (webtiles) character file.

277 ChaseSP the Cudgeler (level 6, -1/37 HPs)
             Began as a Gargoyle Fighter on June 4, 2017.
             Slain by a river rat (4 damage)
             ... summoned by Eustachio
             ... on level 4 of the Dungeon.
             The game lasted 00:03:28 (2774 turns).

ChaseSP the Cudgeler (Gargoyle Fighter)             Turns: 2774, Time: 00:03:29

Health: -1/37      AC: 12    Str: 25    XL:     6   Next: 25%
Magic:  6/6        EV:  7    Int:  8    God:
Gold:   254        SH:  9    Dex: 11    Spells: 5/5 levels left

rFire    . . .     SeeInvis .   a - +0 flail
rCold    . . .     Gourm    .   c - +0 shield
rNeg     + . .     Faith    .   b - +0 scale mail
rPois    ∞         Spirit   .   (no helmet)
rElec    +         Reflect  .   t - +0 cloak
rCorr    .         Harm     +   (no gloves)
MR       .....                  (no boots)
Stlth    ..........             q - amulet of harm
Regen    0.2/turn               (no ring)
MPRegen  0.1/turn               (no ring)

@: mighty
A: negative energy resistance 1, electricity resistance, unbreathing,
petrification resistance, rot immunity, AC +4
a: no special abilities


You were on level 4 of the Dungeon.
You were not hungry.

You visited 1 branch of the dungeon, and saw 4 of its levels.

You collected 254 gold pieces.

Inventory:

Hand Weapons
 a - a +0 flail (weapon)
Missiles
 k - 24 bolts
Armour
 b - a +0 scale mail (worn)
 c - a +0 shield (worn)
 t - a +0 cloak (worn)
Jewellery
 p - an uncursed ring of wizardry {unknown}
 q - an amulet of harm (around neck)
Wands
 l - a wand of lightning (9/15)
 w - a wand of flame (31/48)
 y - a wand of flame (34/48)
Scrolls
 g - 2 scrolls of identify {unknown}
 h - a scroll of recharging {unknown}
 n - a scroll of remove curse {unknown}
 u - a scroll of amnesia {unknown}
 x - a scroll of enchant armour {unknown}
Potions
 d - a potion of might
 e - a potion of magic {unknown}
 i - a potion of lignification {unknown}
 j - 2 potions of flight
 o - a potion of invisibility {unknown}
 r - a potion of haste {unknown}
 s - a potion of curing {unknown}
Comestibles
 f - 5 bread rations
 m - 2 meat rations
 v - a chunk of flesh


   Skills:
 - Level 3.2 Fighting
 * Level 6.4 Maces & Flails
 - Level 3.2 Armour
 - Level 3.2 Shields


You had 5 spell levels left.
You didn't know any spells.

Dungeon Overview and Level Annotations

Branches:
Dungeon (4/15)
 Temple: D:4-7

Altars:
Cheibriados
Sif Muna
Xom

Shops:
D:4 :

Annotations:
D:4 Eustachio


Innate Abilities, Weirdness & Mutations

You are resistant to torment.
Your stone body is resilient. (AC +4)
You are immune to poison.
You resist negative energy. (rN+)
You are resistant to electric shocks. (rElec)
You can survive without breathing.
You are immune to petrification.
You are immune to rotting.


Message History

You kill the crimson imp!
You closely miss Eustachio.
Eustachio gestures wildly while chanting.
You block Eustachio's attack.
You completely miss Eustachio.
The river rat disappears in a puff of smoke!
You block the bat's attack. You block the quokka's attack.
Eustachio casts a spell.
Eustachio blinks!
The river rat bites you.
* * * LOW HITPOINT WARNING * * *
Eustachio mumbles some strange words.
You see here a hound corpse.
Your shield and scale mail prevent you from hitting the river rat.
The quokka bites you but does no damage.
You block the river rat's attack.
The quokka bites you but does no damage.
Your shield prevents you from hitting the river rat.
The quokka closely misses you. The river rat bites you.
You die...

......#.# #.........# #
.#.#..#.############.# #
...............# #.# #
...#..#.#####... #.########## #
......#.# #.#......... #
......#.# #.#.######## #
......#.# #+# #.#.# #
......#.######.#####.#.# #
..........5@.5rr@rb#...##########
......#...#5##.###.##..........##
......#...#r..rr.#.##..........##
....#(#.#.#.##.#.#b##..........'.
..........#.#..#.#.##..........##
......#.#.#.##.#.#.##..........##
.###♣.###.#.##.#.#.##..........##
..........#.##.#.#.##..........+.
...♣∩♣......##.#.#.##..........##


You could see Eustachio, a river rat, 2 shadow imps, an ufetubus, a quokka, a
bat and a rat.

Vanquished Creatures
  A hound (D:4)
  A centaur skeleton (D:4)
  Ijyb (D:4)
  2 orc wizards (D:4)
  A hound skeleton (D:3)
  A worker ant zombie (D:3)
  5 adders
  An ooze (D:2)
  An adder zombie (D:3)
  An adder skeleton (D:3)
  2 worms (D:2)
  A leopard gecko (D:3)
  2 orcs
  4 giant cockroaches
  3 goblins
  8 hobgoblins
  5 jackals
  2 quokkas
  A ball python (D:3)
  5 bats
  5 frilled lizards
  5 kobolds
  3 rats
61 creatures vanquished.

Notes
Turn   | Place    | Note
-------+----------+-------------------------------------------
     0 | D:1      | ChaseSP the Gargoyle Fighter began the quest for the Orb.
     0 | D:1      | Reached XP level 1. HP: 14/14 MP: 1/1
   353 | D:1      | Reached XP level 2. HP: 19/19 MP: 2/2
   462 | D:1      | Reached skill level 3 in Maces & Flails
   790 | D:2      | Found a shimmering altar of Xom.
   858 | D:2      | Found a deep blue altar of Sif Muna.
   916 | D:2      | Reached XP level 3. HP: 22/23 MP: 3/3
   938 | D:2      | Found a faded altar of an unknown god.
  1257 | D:2      | Reached skill level 4 in Maces & Flails
  1337 | D:2      | Reached XP level 4. HP: 23/28 MP: 4/4
  1342 | D:2      | Found a snail-covered altar of Cheibriados.
  1824 | D:3      | Reached skill level 5 in Maces & Flails
  1824 | D:3      | Reached XP level 5. HP: 32/32 MP: 5/5
  2582 | D:4      | Reached skill level 6 in Maces & Flails
  2680 | D:4      | Found Vaumnis's Book Shoppe.
  2694 | D:4      | Noticed Ijyb
  2708 | D:4      | Killed Ijyb
  2708 | D:4      | Reached XP level 6. HP: 26/37 MP: 6/6
  2735 | D:4      | Noticed Eustachio
  2774 | D:4      | Slain by a river rat

Skill      XL: |  1  2  3  4  5 |
---------------+----------------+-----
Maces & Flails | 3 4 5 6 |  6.4
Fighting       | |  3.2
Armour         | |  3.2
Shields        | |  3.2

Action                   |  1- 3 |  4- 6 || total
-------------------------+-------+-------++-------
Melee: Flail             |   117 |   151 ||   268
  Use: Potion            |       |     2 ||     2
  Eat: Chunk             |     2 |     4 ||     6
Armor: Scale mail        |    59 |   107 ||   166
Dodge: Dodged            |    38 |    56 ||    94
Block: Shield            |    58 |    83 ||   141
